 Dungeon Crawl Stone Soup version 0.22.1-1-ga44c0e5 (webtiles) character file.

357 aMcNicky the Cudgeler (level 6, 0/55 HPs)
             Began as a Naga Warper on Oct 3, 2018.
             Slain by an orc
             ... wielding a +0 hand axe
              (4 damage)
             ... on level 4 of the Dungeon.
             The game lasted 00:15:32 (5291 turns).

aMcNicky the Cudgeler (Naga Warper)                 Turns: 5291, Time: 00:15:34

Health: 0/55       AC:  4    Str: 15    XL:     6   Next: 64%
Magic:  9/9        EV:  8    Int: 14    God:
Gold:   189        SH:  0    Dex: 10    Spells: 7/9 levels left

rFire    . . .     SeeInvis +   a - +1 flail
rCold    . . .     Gourm    .   (no shield)
rNeg     + . .     Faith    .   q - +0 ring mail (curse)
rPois    +         Spirit   .   (no helmet)
rElec    .         Reflect  .   (no cloak)
rCorr    .         Harm     .   (no gloves)
MR       .....                  (no barding)
Stlth    ..........             (no amulet)
HPRegen  0.18/turn              p - ring of positive energy
MPRegen  0.11/turn              s - ring of wizardry

@: hasted, invisible, quick
A: large, see invisible, deformed body, poison resistance, slowness 2, slow
metabolism 1, spit poison 1, AC +2
a: Spit Poison


You were on level 4 of the Dungeon.
You were not hungry.

You visited 1 branch of the dungeon, and saw 4 of its levels.

You collected 189 gold pieces.

Inventory:

Hand Weapons
 a - a +1 flail (weapon)
 v - a +0 mace
Missiles
 m - 136 stones (quivered)
Armour
 c - a +0 leather armour
 n - a +0 scale mail
 o - a +3 plate armour
 q - a cursed +0 ring mail (worn)
Magical Staves
 b - an uncursed staff of wizardry
Jewellery
 h - an uncursed amulet of harm
 p - a ring of positive energy (left hand)
 s - a ring of wizardry (right hand)
Wands
 l - a wand of digging (10)
Scrolls
 d - a scroll of blinking
 g - a scroll of identify {@r1}
 j - 2 scrolls of amnesia
 k - a scroll of fear
Potions
 i - a potion of mutation {unknown}
 r - a potion of resistance {unknown}
 u - a potion of berserk rage {unknown}
Comestibles
 f - 6 rations
 w - 2 chunks of flesh


   Skills:
 + Level 2.5 Fighting
 * Level 6.4 Maces & Flails
 - Level 0.8 Throwing
 + Level 1.3 Armour
 - Level 1.5 Dodging
 - Level 2.0 Spellcasting
 - Level 3.0 Translocations


You had 7 spell levels left.
You knew the following spells:

 Your Spells              Type           Power        Failure   Level  Hunger
a - Blink                 Tloc           N/A          9%          2    ###....

Your spell library contained the following spells:

 Spells                   Type           Power        Failure   Level  Hunger
 Shroud of Golubria       Chrm/Tloc      #.........   16%         2    ###....
 Gell's Gravitas          Tloc           #.........   16%         3    ####...
 Lesser Beckoning         Tloc           #.........   16%         3    ####...
 Teleport Other           Tloc           #.......     16%         3    ####...
 Passage of Golubria      Tloc           N/A          45%         4    #####..


Dungeon Overview and Level Annotations

Branches:
Dungeon (4/15)
 Temple: D:4-7

Altars:
Okawaru
Ru


Innate Abilities, Weirdness & Mutations

You cannot wear boots.
Your serpentine skin is tough. (AC +2)
You have supernaturally acute eyesight. (SInv)
Armour fits poorly on your strangely shaped body.
Your system is resistant to poisons. (rPois)
You cover ground very slowly.
You have a slow metabolism.
You can spit poison.


Message History

The orc hits you with a hand axe. The orc priest hits you with a club.
You closely miss the orc priest.
The orc priest is moderately wounded.
You hit the orc priest but do no damage.
The orc priest is moderately wounded.
You have got your breath back.
The orc hits you with a hand axe.
* * * LOW HITPOINT WARNING * * *
The orc priest barely misses you.
You closely miss the orc priest.
The orc priest is moderately wounded.
The orc barely misses you.
You hit the orc priest.
The orc priest is severely wounded.
The orc priest invokes the aid of Beogh against you.
Beogh smites you!
* * * LOW HITPOINT WARNING * * *
You fade into invisibility!
The orc hits you with a hand axe.
You die...

#.#.# #.# #.#.# #.#
#.#.# #.# #.#.# #.#
#.#.# #.#
.#####.#.# ##.##
#.........#####...#
#######...........#
#.#######.@)# #.#
##oo# #.# #.## #.#
#.# #.# #...# ..
#.#(. ......# .h.
...# .........#


You could see an orc priest and an orc.

Vanquished Creatures
  A sky beast (D:4)
  An ogre (D:4)
  A hound (D:3)
  An orc priest (D:4)
  An orc wizard (D:4)
  3 adders
  A worm (D:3)
  4 dart slugs
  4 leopard geckos
  5 orcs
  A giant cockroach (D:2)
  5 hobgoblins
  3 jackals
  A ball python (D:1)
  A ball python skeleton (D:4)
  5 bats
  2 frilled lizards
  8 goblins
  10 kobolds
  5 rats
63 creatures vanquished.

Notes
Turn   | Place    | Note
-------+----------+-------------------------------------------
     0 | D:1      | aMcNicky the Naga Warper began the quest for the Orb.
     0 | D:1      | Reached XP level 1. HP: 19/19 MP: 3/3
   155 | D:1      | Reached XP level 2. HP: 20/26 MP: 5/5
   402 | D:1      | Reached skill level 3 in Maces & Flails
  1536 | D:2      | Found a sacrificial altar of Ru.
  1575 | D:1      | Reached XP level 3. HP: 32/32 MP: 6/6
  2138 | D:2      | Reached skill level 4 in Maces & Flails
  2553 | D:2      | Reached XP level 4. HP: 32/39 MP: 7/7
  3552 | D:3      | Found an iron altar of Okawaru.
  3556 | D:3      | Found a sacrificial altar of Ru.
  3787 | D:3      | Reached skill level 5 in Maces & Flails
  3787 | D:3      | Reached XP level 5. HP: 22/45 MP: 8/8
  4445 | D:4      | Noticed a sky beast
  4456 | D:4      | Killed a sky beast
  4456 | D:4      | Reached skill level 6 in Maces & Flails
  4460 | D:4      | Noticed an ogre
  4878 | D:4      | HP: 2/45 [ogre/giant club (4)]
  4879 | D:4      | Killed an ogre
  4879 | D:4      | Reached skill level 1 in Armour
  4879 | D:4      | Reached XP level 6. HP: 2/52 MP: 9/9
  5182 | D:4      | Learned a level 2 spell: Blink
  5291 | D:4      | Slain by an orc

Skill      XL: |  1  2  3  4  5 |
---------------+----------------+-----
Maces & Flails | 3 4 5 6 |  6.4
Armour         | 1 |  1.3
Fighting       | |  2.5
Throwing       | |  0.8
Dodging        | |  1.5
Spellcasting   | |  2.0
Translocations | |  3.0

Action                   |  1- 3 |  4- 6 || total
-------------------------+-------+-------++-------
Melee: Mace              |   117 |    96 ||   213
       Flail             |       |    16 ||    16
Throw: Tomahawk          |     5 |       ||     5
       Stone             |     8 |    47 ||    55
 Abil: Spit Poison       |     6 |    15 ||    21
  Use: Scroll            |       |    11 ||    11
       Potion            |       |     4 ||     4
  Eat: Chunk             |     3 |     5 ||     8
       Ration            |       |     1 ||     1
Armor: Leather armour    |    28 |       ||    28
       Plate armour      |    14 |    44 ||    58
       Scale mail        |     5 |       ||     5
       Ring mail         |       |     8 ||     8
Dodge: Dodged            |    71 |    24 ||    95
